Map: 資料C

Players

Nice

  • Race: Protoss Protoss
  • Spawn Location: 3:00

SpeCial - Winner!

  • Race: Terran Terran
  • Spawn Location: 9:00

Event: DreamHack SC2 Masters 2022 Atlanta (Offline)

VOD

Have the link to the VOD?

Description

Time

  • Played on: Nov. 18, 2022, 2 p.m.
  • Length: 9:12

All games in this series

Show
View Real Time Build Order
Export as new Build Order

Nice Protoss 

Build Orders: 1 Gate Expand, Oracle Opening 

Get SALT Encoding   

  12  0:00  Probe  
  13  0:12  Probe  
  14  0:17  Pylon  
  14  0:24  Probe (Chrono Boost)  
  15  0:36  Probe (Chrono Boost)  
  15  0:37  Gateway  
  16  0:43  Probe (Chrono Boost)  
  16  0:47  Assimilator  
  17  0:51  Probe  
  18  1:03  Probe  
  19  1:15  Probe  
  20  1:24  Cybernetics Core  
  20  1:39  Nexus  
  20  1:40  Pylon  
  20  1:46  Probe  
  21  1:48  Assimilator  
  21  1:57  Adept (Chrono Boost)  
  21  1:58  Probe  
  24  2:05  Shield Battery  
  24  2:10  Probe  
  24  2:18  Adept (Chrono Boost)  
  24  2:22  Probe  
  27  2:25  Pylon  
  27  2:37  Stargate  
  27  2:42  Adept (Chrono Boost)  
  29  2:46  Probe  
  29  2:50  Warp Gate  
  29  2:52  Probe  
  30  3:02  Probe  
  31  3:06  Probe  
  31  3:07  Adept (Chrono Boost)  
  34  3:15  Shield Battery  
  34  3:19  Oracle (Chrono Boost)  
  35  3:24  Probe  
  38  3:32  Adept, Probe  
  41  3:39  Probe  
  38  3:50  Probe  
  38  3:51  Oracle (Chrono Boost)  
  38  3:55  Probe  
  43  4:02  Probe  
  44  4:07  Probe  
  45  4:14  Probe  
  44  4:19  Probe  
  45  4:37  Phoenix (Chrono Boost)  
  39  4:53  Stalker  
  39  4:55  Probe x2  
  39  5:07  Probe x2  
  39  5:11  Phoenix  
  43  5:16  Zealot  
  43  5:19  Probe  
  46  5:22  Gateway  
  46  5:24  Gateway, Pylon  
  46  5:27  Pylon  
  46  5:29  Pylon  
  46  5:37  Nexus  
  46  5:40  Pylon  
  48  5:42  Probe x2  
  48  5:46  Zealot  
  46  5:52  Phoenix (Chrono Boost)  
  46  5:56  Probe  
  49  6:00  Probe  
  50  6:08  Probe  
  53  6:12  Probe  
  53  6:18  Forge  
  52  6:20  Probe (Chrono Boost)  
  52  6:21  Twilight Council  
  52  6:22  Assimilator  
  52  6:24  Probe (Chrono Boost)  
  54  6:26  Assimilator  
  54  6:32  Probe (Chrono Boost)  
  55  6:35  Probe (Chrono Boost)  
  55  6:38  Probe (Chrono Boost)  
  57  6:40  Probe (Chrono Boost)  
  57  6:46  Pylon  
  57  6:47  Probe  
  57  6:56  Probe  
  58  7:08  Probe x3  
  58  7:10  Gateway  
  58  7:12  Gateway  
  59  7:15  Gateway  
  59  7:17  Gateway  
  59  7:19  Gateway  
  59  7:21  Sentry x2  
  63  7:23  Probe  
  63  7:25  Probe  
  63  7:26  Probe  
  66  7:31  Shield Battery, Sentry  
  68  7:37  Probe x2  
  68  7:38  Probe  
  71  7:45  Shield Battery  
  71  7:46  Sentry  
  71  7:49  Probe x2  
  71  7:50  Probe  
  76  7:51  Stalker  
  76  7:52  Shield Battery  
  76  7:56  Photon Cannon  
  78  8:01  Sentry  
  80  8:11  Stalker x3  
  80  8:12  Stalker  
  88  8:18  Photon Cannon, Pylon  
  88  8:20  Stalker  
  88  8:24  Photon Cannon  
  87  8:38  Stalker x3  
  79  8:50  Stalker x3  
  66  9:01  Stalker  
  66  9:02  Zealot x4  
  53  9:12  Pylon  
Show
View Real Time Build Order
Export as new Build Order

SpeCial Terran - Winner!

Build Orders:  

Get SALT Encoding   

  12  0:00  SCV  
  13  0:12  SCV  
  14  0:16  Supply Depot  
  14  0:24  SCV  
  15  0:38  SCV  
  15  0:39  Barracks  
  16  0:45  Refinery  
  16  0:50  SCV  
  16  0:55  Refinery  
  17  1:02  SCV  
  18  1:14  SCV  
  19  1:19  Engineering Bay  
  19  1:25  Reaper  
  20  1:33  Orbital Command  
  20  1:48  Factory  
  20  1:50  Supply Depot  
  20  1:58  SCV  
  20  1:59  Reaper  
  22  2:10  SCV  
  22  2:11  Bunker  
  23  2:22  SCV  
  24  2:32  Hellion  
  26  2:40  Command Center  
  26  2:42  SCV  
  27  2:52  Starport  
  27  2:54  Widow Mine  
  27  2:55  Barracks Reactor  
  27  2:57  SCV  
  30  3:01  Supply Depot  
  30  3:09  SCV  
  31  3:22  SCV  
  31  3:23  Widow Mine  
  34  3:31  Medivac, Marine  
  34  3:32  Marine  
  38  3:35  SCV  
  36  3:49  Marine x2  
  36  3:54  Widow Mine, Orbital Command  
  36  3:55  SCV  
  40  4:05  Viking  
  40  4:07  SCV, Marine x2  
  41  4:19  SCV, Widow Mine  
  41  4:21  SCV  
  41  4:25  Marine x2  
  41  4:31  SCV  
  42  4:33  SCV  
  42  4:43  SCV, Widow Mine, Marine  
  46  4:45  SCV  
  46  4:47  Marine  
  46  4:55  SCV  
  46  4:57  SCV  
  46  5:06  Marine x2  
  46  5:07  SCV  
  46  5:10  SCV  
  48  5:16  Factory Tech Lab, Starport Tech Lab  
  48  5:19  SCV  
  49  5:22  SCV  
  49  5:27  Barracks  
  48  5:28  Barracks  
  48  5:30  Supply Depot  
  48  5:31  SCV  
  48  5:32  Marine  
  48  5:33  Marine  
  48  5:34  SCV  
  52  5:35  Raven  
  54  5:52  Cyclone, SCV x2  
  54  5:57  Marine x2  
  55  6:04  SCV x2  
  56  6:07  Engineering Bay  
  56  6:08  Refinery  
  57  6:14  Marine x2  
  57  6:16  SCV  
  57  6:17  SCV  
  61  6:19  Supply Depot  
  61  6:27  Starport Reactor  
  61  6:28  SCV  
  61  6:29  SCV, Marine  
  61  6:30  Stimpack  
  61  6:32  Combat Shield, Marine x2  
  64  6:36  Terran Infantry Weapons Level 1  
  66  6:40  SCV  
  66  6:41  SCV  
  66  6:43  Supply Depot  
  66  6:44  Marine  
  69  6:47  Marine  
  69  6:50  Marine  
  69  6:52  SCV  
  69  6:53  SCV  
  73  6:56  Marine  
  74  7:01  Marine  
  74  7:04  SCV  
  74  7:05  SCV, Marine  
  74  7:06  Medivac x2  
  74  7:07  Factory Reactor  
  82  7:09  Missile Turret  
  82  7:15  Supply Depot  
  82  7:18  Barracks, Marine x2  
  82  7:19  Barracks, Marine  
  85  7:23  Marine  
  85  7:25  Supply Depot  
  86  7:32  Supply Depot  
  86  7:36  Marine x2  
  88  7:37  Medivac x2, Marine  
  88  7:41  Marine  
  94  7:45  Supply Depot, Widow Mine x2  
  94  7:48  Supply Depot  
  98  7:54  Marine x2  
  98  7:55  Marine  
  101  7:58  Marine  
  102  8:07  Marine  
  102  8:08  Marine  
  102  8:12  Marine x2  
  105  8:13  Marine  
  105  8:16  Widow Mine x2, Marine  
  105  8:17  Medivac  
  113  8:25  Marine x2  
  113  8:26  Medivac  
  117  8:30  Marine x2  
  117  8:31  Marine  
  119  8:34  Marine  
  119  8:37  Widow Mine  
  119  8:39  SCV x2  
  122  8:43  Marine  
  122  8:44  Widow Mine  
  123  8:49  Marine  
  123  8:51  Marine  
  123  8:53  Marine x2  
  123  8:55  SCV  
Tags
 
Add a new tag
Caveats
  • Supply blocks, unpowered buildings, or Contaminate may cause inaccurate times.
  • Supply counts are checked every 10 seconds.